 Dungeon Crawl Stone Soup version 0.21-a0-396-ga924934 (webtiles) character file.

91 Ijustatesigmund the Sneak (level 4, 0/22 HPs)
             Began as a Spriggan Assassin on Oct 19, 2017.
             Slain by Robin
             ... wielding a +2 spear of flaming
              (3 damage)
             ... on level 2 of the Dungeon.
             The game lasted 00:04:24 (2070 turns).

Ijustatesigmund the Sneak (Spriggan Assassin)       Turns: 2070, Time: 00:04:24

Health: 0/22       AC:  3    Str:  7    XL:     4   Next: 33%
Magic:  5/5        EV: 17    Int: 13    God:
Gold:   103        SH:  0    Dex: 17    Spells: 3/3 levels left

rFire    . . .     SeeInvis +   a - +2 dagger
rCold    . . .     Gourm    .   (shield restricted)
rNeg     . . .     Faith    .   c - +0 robe
rPois    .         Spirit   .   (helmet restricted)
rElec    .         Reflect  .   d - +0 cloak
rCorr    .         Harm     .   (gloves unavailable)
MR       .....                  (boots unavailable)
Stlth    ++++......             (no amulet)
HPRegen  0.07/turn              (no ring)
MPRegen  0.09/turn              (no ring)

@: very quick
A: unfitting armour, see invisible, herbivore 3, speed 3, slow metabolism 2
a: no special abilities


You were on level 2 of the Dungeon.
You were not hungry.

You visited 1 branch of the dungeon, and saw 3 of its levels.

You collected 103 gold pieces.

Inventory:

Hand Weapons
 a - a +2 dagger (weapon)
 b - a +0 blowgun
Missiles
 e - 3 poisoned needles
 f - 2 curare-tipped needles
Armour
 c - a +0 robe (worn)
 d - a +0 cloak (worn)
Scrolls
 h - a scroll of magic mapping
 l - a scroll of recharging
 m - a scroll of teleportation
Potions
 i - 2 potions of lignification {unknown}
 j - a potion of magic
 k - a potion of flight
 n - a potion of might {unknown}
Comestibles
 g - 3 bread rations


   Skills:
 - Level 1.5 Fighting
 + Level 3.9 Short Blades
 - Level 2.0 Throwing
 - Level 1.5 Dodging
 + Level 7.5 Stealth


You had 3 spell levels left.
You didn't know any spells.

Dungeon Overview and Level Annotations

Branches:
Dungeon (3/15)

Altars:
Fedhas

Annotations:
D:2 Robin


Innate Abilities, Weirdness & Mutations

You are very small and have problems with some larger weapons.
You are too small for most types of armour.
You have supernaturally acute eyesight. (SInv)
You are a herbivore.
You cover ground extremely quickly.
You need consume almost no food.


Message History

Robin throws the goblin at you!
You hit Robin but do no damage.
Robin is severely wounded.
The goblin closely misses you.
You barely miss Robin.
Robin is severely wounded.
The goblin misses you.
You barely miss Robin.
Robin is severely wounded.
The goblin hits you.
You hit Robin but do no damage.
Robin is severely wounded.
Robin laughs in a distinctly smug fashion.
Robin closely misses you. The goblin hits you.
You barely miss Robin.
Robin is severely wounded.
Robin hits you with a spear of flaming.
* * * LOW HITPOINT WARNING * * *
Robin burns you.
You die...

#.# #.# #.##..##.# #.#. ##g# #.#
#.##.###.# #... ##.## #.# #.##.#
#.# ###. g.## #.# #.##.###.# ##'
#########.#### #........# ##..
g##..........# ###...######...
gg#.###..#.#.# #..#.# ##....
..gg# #....#.#######....####.....
..........(.gggg@g)........'.....
..g.###....#.#######.>..####.....
..#.g......#.# #.#.## ##....
.######.#.##.# #.### ##... ##
#.#. #.# #.# ##.. # . ..#
####.##### ##' ## ### #.....(..#
#. #.##.###.#######.
#.##............#


You could see Robin and 4 goblins.

Vanquished Creatures
  4 adders (D:2)
  An ooze (D:1)
  A worm (D:2)
  A dart slug (D:1)
  4 bats
  3 giant cockroaches
  9 goblins (D:2)
  4 hobgoblins (D:2)
  3 jackals
  A quokka (D:1)
  2 frilled lizards
  6 kobolds
  7 rats
46 creatures vanquished.

Notes
Turn   | Place    | Note
-------+----------+-------------------------------------------
     0 | D:1      | Ijustatesigmund the Spriggan Assassin began the quest for the Orb.
     0 | D:1      | Reached XP level 1. HP: 10/10 MP: 2/2
    70 | D:1      | Reached skill level 6 in Stealth
    87 | D:1      | Reached XP level 2. HP: 13/14 MP: 3/3
  1311 | D:2      | Reached XP level 3. HP: 18/18 MP: 4/4
  1738 | D:2      | Reached skill level 7 in Stealth
  1832 | D:2      | Found a blossoming altar of Fedhas.
  1844 | D:2      | Reached XP level 4. HP: 22/22 MP: 5/5
  1915 | D:2      | Noticed Robin
  2070 | D:2      | Slain by Robin

Vault maps used:
D:1:      dpeg_arrival_arbitrary_b
D:2:      minmay_wonky_spiral, lemuel_doored_altar, uniq_robin
D:3:      nicolae_ashenzari_panopticon

Skill      XL: |  1  2  3 |
---------------+----------+-----
Stealth        | 6 7 |  7.5
Short Blades   | 3 |  3.9
Fighting       | |  1.5
Throwing       | |  2.0
Dodging        | |  1.5

Action                   |  1- 3 |  4- 6 || total
-------------------------+-------+-------++-------
Melee: Dagger            |    70 |    56 ||   126
 Fire: Blowgun           |    18 |     3 ||    21
  Use: Scroll            |     6 |       ||     6
 Stab: Sleeping          |    16 |     1 ||    17
Armor: Robe              |     9 |    10 ||    19
Dodge: Dodged            |    32 |    30 ||    62

Table legend:
 A = Spawn XP
 B = Non-spawn XP
 C = Spawn XP percentage of total XP
 D = Spawn monster count
 E = Non-spawn monster count
 F = Spawn count percentage of total count
 G = Total turns spent on level
                    A         B        C        D         E        F      G
               +---------+---------+-------+---------+---------+-------+---------
         Total |       0 |     130 |   0.0 |       0 |      46 |   0.0 |  2070
               +---------+---------+-------+---------+---------+-------+---------
           D:1 |       0 |      37 |   0.0 |       0 |      21 |   0.0 |  1196
           D:2 |       0 |      93 |   0.0 |       0 |      25 |   0.0 |   866
               +---------+---------+-------+---------+---------+-------+---------
